 Dungeon Crawl Stone Soup version 0.26-a0-651-gb41185065b (webtiles) character file.

Game seed: 956599336172300798

268 Lanoc the Vexing (level 6, -4/44 HPs)
             Began as a Demonspawn Enchanter on Oct 10, 2020.
             Splashed by Ijyb's acid (8 damage)
             ... on level 3 of the Dungeon.
             The game lasted 00:06:25 (3234 turns).

Lanoc the Vexing (Demonspawn Enchanter)             Turns: 3234, Time: 00:06:25

Health: -4/44      AC: -2    Str:  9    XL:     6   Next: 0%
Magic:  5/9        EV: 13    Int: 17    God:
Gold:   81         SH:  0    Dex: 14    Spells: 3/9 levels left

rFire    + . .     SeeInvis .   h - +1 dagger (venom)
rCold    . . .     Faith    .   (no shield)
rNeg     . . .     Spirit   .   b - +0 robe
rPois    .         Reflect  .   (no helmet)
rElec    .         Harm     .   (no cloak)
rCorr    .         Rampage  .   (no gloves)
MR       .....                  (no boots)
Stlth    +++.......             (no amulet)
HPRegen  0.14/turn              i - +4 ring of protection
MPRegen  0.11/turn              l - ring of protection from fire

@: corroded
A: claws 2, sturdy frame 2
a: no special abilities


You were on level 3 of the Dungeon.
You visited 1 branch of the dungeon, and saw 3 of its levels.

You collected 81 gold pieces.

Inventory:

Hand Weapons
 h - a +1 dagger of venom (weapon)
Armour
 b - a +0 robe (worn)
Jewellery
 i - a +4 ring of protection (left claw)
 l - a ring of protection from fire (right claw)
Scrolls
 a - a scroll of identify
 c - 2 scrolls of teleportation
 e - a scroll of fog {unknown}
 j - a scroll of random uselessness {unknown}
 k - a scroll of enchant weapon
Potions
 d - a potion of brilliance {unknown}
 f - a potion of curing {unknown}


   Skills:
 + Level 2.1 Fighting
 - Level 0.8 Short Blades
 + Level 3.0 Dodging
 + Level 3.8 Stealth
 - Level 2.0 Spellcasting
 * Level 4.8 Hexes


You had 3 spell levels left.
You knew the following spells:

 Your Spells              Type           Power        Failure   Level
a - Corona                Hex            ###....      2%          1
b - Ensorcelled Hibernat  Hex/Ice        #.....       11%         2
c - Tukima's Dance        Hex            ###.....     8%          3

Your spell library contained the following spells:

 Spells                   Type           Power        Failure   Level
 Confusing Touch          Hex            ###.....     8%          3
 Dazzling Flash           Conj/Hex       #.....       22%         3


Dungeon Overview and Level Annotations

Branches:
Dungeon (3/15)

Altars:
Kikubaaqudgha
Zin

Annotations:
D:3 Grinder, Ijyb


Innate Abilities, Weirdness & Mutations

You have very sharp fingernails.
Your movements are less encumbered by armour. (ER -4)


Message History

Ijyb is heavily wounded.
Ijyb completely misses you.
You closely miss Ijyb.
Ijyb is heavily wounded.
Ijyb barely misses you.
You barely miss Ijyb.
Ijyb is severely wounded.
You hit Ijyb but do no damage.
Ijyb is severely wounded.
Ijyb screams, "I cut your head off!" Ijyb closely misses you.
Casting: Ensorcelled Hibernation (safe; 11% risk of failure)
Confirm with . or Enter, or press ? or * to list all spells.
Aiming: Tukima's Dance (dangerous; 8% risk of failure)
Press: ? - help, Shift-Dir - straight line, f/p - Ijyb
Aim: Ijyb, wielding a +0 club, wearing a +0 ring mail and carrying a wand of acid (10) (severely wounded, very poisoned, chance to defeat MR: 65%)
The +0 club dances into the air!
Ijyb zaps a wand.
The bolt of acid hits you!
* * * LOW HITPOINT WARNING * * *
The acid corrodes you!
You are splashed with acid!
You die...

########
#......#
#.####.# #.#
#.# #.# #.# #.#
#<############.
#.#
#†.@g..........
#.#
##(............
#.#
#.############
#.# #.# #.# #.#
#.# #.# #.# #.#
#.# #.# #.#####


You could see Ijyb (poisoned) and a friendly +0 club.

Vanquished Creatures
  Sigmund (D:3)
  Robin (D:2)
  3 adders
  A dart slug (D:2)
  A leopard gecko (D:3)
  3 bats
  3 giant cockroaches
  16 goblins
  2 hobgoblins (D:2)
  10 jackals
  2 quokkas (D:2)
  A ball python (D:2)
  2 frilled lizards
  10 kobolds
  6 rats
62 creatures vanquished.

Notes
Turn   | Place    | Note
-------+----------+-------------------------------------------
     0 | D:1      | Lanoc the Demonspawn Enchanter began the quest for the Orb.
     0 | D:1      | Reached XP level 1. HP: 13/13 MP: 3/3
   158 | D:1      | Gained mutation: Your movements are slightly less
                  | encumbered by armour. (ER -2) [demonic ancestry]
   158 | D:1      | Reached XP level 2. HP: 12/19 MP: 0/5
   172 | D:1      | Learned a level 2 spell: Ensorcelled Hibernation
   514 | D:2      | Noticed Robin
  1203 | D:2      | Gained mutation: You have sharp fingernails. [demonic
                  | ancestry]
  1203 | D:2      | Reached XP level 3. HP: 25/25 MP: 6/6
  1214 | D:2      | Found an ancient bone altar of Kikubaaqudgha.
  1572 | D:2      | Reached skill level 1 in Fighting
  1640 | D:2      | Found a glowing silver altar of Zin.
  1698 | D:2      | Gained mutation: Your movements are less encumbered by
                  | armour. (ER -4) [demonic ancestry]
  1698 | D:2      | Reached XP level 4. HP: 9/32 MP: 0/7
  1706 | D:2      | HP: 1/32 [worm (1)]
  2125 | D:3      | Noticed Sigmund
  2126 | D:3      | Noticed Grinder
  2417 | D:3      | Reached skill level 4 in Hexes
  2422 | D:3      | Killed Sigmund
  2422 | D:3      | Reached XP level 5. HP: 33/38 MP: 6/8
  2434 | D:3      | Learned a level 3 spell: Tukima's Dance
  2767 | D:3      | Noticed Ijyb
  2771 | D:3      | HP: 1/38 [acid (13)]
  3114 | D:2      | Killed Robin
  3114 | D:2      | Gained mutation: You have very sharp fingernails. [demonic
                  | ancestry]
  3114 | D:2      | Reached XP level 6. HP: 25/44 MP: 6/9
  3234 | D:3      | Splashed by Ijyb's acid

Illustrated notes

Levels and vault maps discovered:
D:1:      dpeg_arrival_court, layout_basic
D:2:      minmay_recursive_quarters, layout_loops_ring, kiku_gazebo_pond_becter,
          bloody_trog, zin_academy, uniq_robin, uniq_crazy_yiuf_cottage
D:3:      layout_loops_ring, chequers_temple_overflow_statue_of_worship,
          uniq_grinder, uniq_sigmund, uniq_ijyb

Skill      XL: |  1  2  3  4 |
---------------+-------------+-----
Dodging        | 2 3 |  3.0
Stealth        | 3 |  3.8
Fighting       | 1 2 |  2.1
Hexes          | 4 |  4.8
Short Blades   | |  0.8
Spellcasting   | |  2.0

Action                   |  1- 3 |  4- 6 || total
-------------------------+-------+-------++-------
Melee: Dagger            |   134 |    64 ||   198
 Cast: Corona            |     7 |       ||     7
       Ensorcelled Hiber |    10 |     8 ||    18
       Tukima's Dance    |       |     1 ||     1
  Use: Potion            |       |     3 ||     3
       Scroll            |       |     2 ||     2
 Stab: Sleeping          |    10 |     8 ||    18
Armor: Robe              |    39 |    15 ||    54
Dodge: Dodged            |   131 |    46 ||   177

Table legend: (Time is in decaauts)
 A = Elapsed time spent in this place.
 B = Non-inter-level travel time spent in this place.
 C = Inter-level travel time spent in this place.
 D = Time resting spent in this place.
 E = Time spent auto-exploring this place.
 F = Levels seen in this place.
 G = Mean time per level.
                   A        B        C        D        E       F      G
               +--------+--------+--------+--------+--------+-----+--------+
         Total |   3229 |   3161 |     68 |    810 |   1767 |   3 | 1076.3 |
       Dungeon |   3229 |   3161 |     68 |    810 |   1767 |   3 | 1076.3 |
               +--------+--------+--------+--------+--------+-----+--------+

Top non-repeatable levels by time:
     D:2: 1240 daAuts
     D:3: 1033 daAuts
     D:1: 955 daAuts
